 Dungeon Crawl Stone Soup version 0.16-a0-3308-g116f5c4 (webtiles) character file.

275 BluebellGnoll the Sneak (level 6, -3/28 HPs)
             Began as a Spriggan Enchanter on Dec 26, 2014.
             Killed by divine providence
             ... invoked by an orc priest
              (16 damage)
             ... on level 4 of the Dungeon.
             The game lasted 00:08:12 (3146 turns).

BluebellGnoll the Sneak (Spriggan Enchanter)        Turns: 3146, Time: 00:08:13

Health: -3/28      AC:  8    Str:  4    XL:     6   Next: 3%
Magic:  13/20      EV: 18    Int: 19    God:
Gold:   152        SH:  0    Dex: 16    Spells: 5 memorised, 3 levels left

rFire  . . .     SeeInvis +     v - +2 short sword (protect)
rCold  + . .     Clarity  .     b - +1 robe
rNeg   . . .     SustAb   .     (shield restricted)
rPois  .         Gourm    .     (helmet restricted)
rElec  .         Spirit   .     (no cloak)
rCorr  .         Warding  .     (gloves unavailable)
rMut   .         Stasis   .     (boots unavailable)
MR     +....                    (no amulet)
Stlth  ++++......               (no ring)
                                q - ring of protection from cold

@: very quick, somewhat resistant to hostile enchantments, stealthy
A: unfitting armour, see invisible, herbivore 3, speed 3, slow metabolism 2
a: no special abilities


You were on level 4 of the Dungeon.
You were full.

You visited 1 branch of the dungeon, and saw 4 of its levels.

You collected 152 gold pieces.

Inventory:

Hand weapons
 a - a +1 dagger
 m - a +1 dagger of venom
 r - a +0 blowgun
 v - a +2 short sword of protection (weapon)
 y - a cursed -1 short sword
Missiles
 s - 23 poisoned needles
Armour
 b - a +1 robe (worn)
Jewellery
 q - a ring of protection from cold (left hand)
Magical devices
 o - a wand of slowing (24)
Scrolls
 f - 2 scrolls of remove curse {unknown}
 j - 5 scrolls of identify {unknown}
 k - a scroll of fear {unknown}
 t - 2 scrolls of random uselessness {unknown}
 x - a scroll of recharging {unknown}
Potions
 e - a potion of poison {unknown}
 h - a potion of restore abilities {unknown}
 i - a potion of heal wounds {unknown}
 l - a potion of cure mutation {unknown}
 n - a potion of resistance {unknown}
 p - a potion of curing
 u - a potion of degeneration {unknown}
 w - a potion of brilliance {unknown}
Books
 c - a book of Maledictions

   Spells                             Type                      Level
   a - Corona                         Hexes                        1
   b - Sure Blade                     Hexes/Charms                 2
   c - Ensorcelled Hibernation        Hexes/Ice                    2
   d - Confuse                        Hexes                        3
   e - Dazzling Spray                 Conjuration/Hexes            3
   f - Enslavement                    Hexes                        4
Comestibles
 d - 7 bread rations
 g - a royal jelly


   Skills:
 - Level 1.1 Short Blades
 - Level 3.0 Dodging
 - Level 7.5 Stealth
 * Level 4.8 Spellcasting
 + Level 5.2 Hexes


You had 3 spell levels left.
You knew the following spells:

 Your Spells              Type           Power        Failure   Level  Hunger
a - Corona                Hex            ###....      1%          1    None
b - Ensorcelled Hibernat  Hex/Ice        ##....       10%         2    #......
c - Confuse               Hex            ###.....     6%          3    ##.....
d - Sure Blade            Hex/Chrm       ##........   10%         2    #......
e - Dazzling Spray        Conj/Hex       ##......     14%         3    ##.....


Dungeon Overview and Level Annotations

Branches:
Dungeon (4/15)
 Temple: D:4-7

Altars:
Dithmenos
Fedhas


Innate Abilities, Weirdness & Mutations

You are tiny and cannot use many weapons and most armour.
You have supernaturally acute eyesight.
You are a herbivore.
You cover ground extremely quickly.
You need consume almost no food.


Message History

Aiming: Ensorcelled Hibernation
Press: ? - help, Shift-Dir - straight line, f - orc
Aim: an orc, wielding a flail (chance 63%)
The orc looks drowsy...
The helpless orc fails to defend itself.
You impale the orc!!
You kill the orc!
The orc priest mumbles some strange prayers to Beogh against you.
Something smites you!
Ouch! That really hurt!
Casting: Ensorcelled Hibernation
Confirm with . or Enter, or press ? or * to list all spells.
Aiming: Confuse
Press: ? - help, Shift-Dir - straight line, f - orc priest
Aim: an orc priest (chance 54%)
The orc priest resists with significant effort.
The orc priest mumbles some strange prayers to Beogh against you.
Something smites you!
Ouch! That really hurt!
You die...

....###........##
........... ..
#........# #......###.
##.....#.## ##...### #.
#......##.####..######.
#..#...##.......###....
##..#...##...........###
##..<#...##........### #
...............†....# #
......Z..@o.........# #
......####).##.....## #
.$. #.........# . .
#..#....#.. ..
#..###.###... # #..##
.## #. Z... ###.# #.


You could see an orc priest and a giant gecko skeleton.

Vanquished Creatures
  An orc priest (D:4)
  A worker ant (D:4)
  A hound zombie (D:3)
  Terence (D:2)
  Robin (D:2)
  5 adders
  5 worms
  2 adder skeletons (D:4)
  2 giant geckos
  12 orcs
  11 bats
  4 giant cockroaches
  15 goblins
  10 hobgoblins
  7 jackals
  6 kobolds
  2 quokkas
  A ball python (D:2)
  4 giant newts (D:1)
  A jackal skeleton (D:4)
  6 rats
98 creatures vanquished.

Notes
Turn   | Place    | Note
--------------------------------------------------------------
     0 | D:1      | BluebellGnoll, the Spriggan Enchanter, began the quest for the Orb.
     0 | D:1      | Reached XP level 1. HP: 9/9 MP: 4/4
   108 | D:1      | Reached skill level 5 in Stealth
   290 | D:1      | Reached XP level 2. HP: 11/13 MP: 7/7
   309 | D:1      | Learned a level 2 spell: Ensorcelled Hibernation
   481 | D:1      | Reached skill level 6 in Stealth
  1066 | D:1      | Reached XP level 3. HP: 6/16 MP: 9/9
  1202 | D:2      | Noticed Robin
  1226 | D:2      | Reached skill level 7 in Stealth
  1316 | D:2      | Killed Robin
  1353 | D:2      | Learned a level 3 spell: Confuse
  1383 | D:2      | Reached XP level 4. HP: 9/21 MP: 12/12
  1387 | D:2      | Learned a level 2 spell: Sure Blade
  1643 | D:2      | Found a blossoming altar of Fedhas.
  1762 | D:2      | Noticed Terence
  1775 | D:2      | Killed Terence
  2189 | D:3      | Found a shadowy altar of Dithmenos.
  2289 | D:3      | Reached XP level 5. HP: 24/24 MP: 16/16
  2294 | D:3      | Learned a level 3 spell: Dazzling Spray
  2842 | D:4      | Reached skill level 5 in Hexes
  3060 | D:4      | Reached XP level 6. HP: 23/28 MP: 12/20
  3146 | D:4      | Killed from afar by an orc priest

Action                   |  1- 3 |  4- 6 || total
-------------------------+-------+-------++-------
Melee: Dagger            |   155 |    38 ||   193
       Short sword       |       |    45 ||    45
 Cast: Ensorcelled Hiber |     5 |    16 ||    21
       Corona            |     6 |       ||     6
       Confuse           |       |     4 ||     4
       Dazzling Spray    |       |     1 ||     1
  Use: Potion            |     1 |       ||     1
 Stab: Sleeping          |     6 |    34 ||    40
       Confused          |       |     1 ||     1
  Eat: Fruit             |       |     6 ||     6
